 Dungeon Crawl Stone Soup version 0.30-a0-1-g69b7b797bf (webtiles) character file.

Game seed: 12684442431967348792

52 Gargoyl the Trooper (level 3, -4/36 HPs)
             Began as a Gargoyle Berserker on Aug 19, 2022.
             Was a Follower of Trog.
             Slain by Sigmund
             ... wielding a +0 scythe
              (8 damage)
             ... on level 2 of the Dungeon.
             The game lasted 00:02:02 (1169 turns).

Gargoyl the Trooper (Gargoyle Berserker)            Turns: 1169, Time: 00:02:03

Health: -4/36      AC:  5    Str: 20    XL:     3   Next: 85%
Magic:  3/3        EV: 12    Int:  7    God:    Trog [*.....]
Gold:   73         SH:  0    Dex: 11    Spells: 2/2 levels left

rFire   . . .      SeeInvis .    a - +0 hand axe
rCold   . . .      Faith    .    (no shield)
rNeg    + . .      Spirit   .    b - +0 animal skin
rPois   ∞          Reflect  .    (no helmet)
rElec   +          Harm     .    (no cloak)
rCorr   .          Rampage  .    (no gloves)
Will    .....                    (no boots)
Stlth   ..........               (no amulet)
HPRegen 0.12/turn                (no ring)
MPRegen 0.08/turn                (no ring)

@: berserking, very quick
A: sickness immunity, AC +3, negative energy resistance 1, electricity
resistance, torment resistance 1, petrification resistance
a: Renounce Religion, Berserk


You were on level 2 of the Dungeon.
You worshipped Trog.
Trog was aware of your devotion.
You visited 1 branch of the dungeon, and saw 2 of its levels.

You collected 73 gold pieces.

Inventory:

Hand Weapons
 a - a +0 hand axe (weapon)
 e - a +0 flail
Missiles
 c - 2 throwing nets (quivered)
 i - 2 poisoned darts
Armour
 b - a +0 animal skin (worn)
Jewellery
 f - an amulet of the acrobat
Scrolls
 h - a scroll of torment {unknown}
Potions
 g - a potion of curing {unknown}
 j - a potion of magic {unknown}
 k - a potion of berserk rage {unknown}
 l - a potion of haste {unknown}


   Skills:
 + Level 3.9 Fighting
 + Level 3.2 Axes
 + Level 2.3 Armour
 + Level 2.1 Dodging
 + Level 0.4 Stealth


You had 2 spell levels left.
You didn't know any spells.
Your spell library was empty.

Dungeon Overview and Level Annotations

Branches:
Dungeon (2/15)

Altars:

Annotations:
D:2 Sigmund


Innate Abilities, Weirdness & Mutations

You are immune to sickness and miasma.
Your stone body is resilient. (AC +3)
You are immune to poison.
You resist negative energy. (rN+)
You are resistant to electric shocks. (rElec)
You are resistant to unholy torment.
You are immune to petrification.


Message History

The adder misses you.
The frilled lizard bites you but does no damage.
Unknown command.
You hit the adder.
The adder is severely wounded.
You miss the frilled lizard. The adder bites you but does no damage.
The frilled lizard misses you. The adder closely misses you.
You hit the adder.
The adder is almost dead.
You closely miss the frilled lizard. The adder bites you but does no damage.
Sigmund casts a spell.
Sigmund flickers and vanishes!
Deactivating autopickup; reactivate with Ctrl-A.
The frilled lizard bites you.
You slash the adder!
You kill the adder!
Trog accepts your kill.
You hit the frilled lizard but do no damage.
The frilled lizard closely misses you.
The frilled lizard bites you but does no damage.
You see here an adder corpse.
Okay, then.
You hit the frilled lizard.
You kill the frilled lizard!
Trog accepts your kill. Something hits you but does no damage.
Things that are here:
a +0 dagger; a frilled lizard corpse; a goblin corpse You miss something.
Something hits you!
A red film seems to cover your vision as you go berserk!
You feel yourself moving faster!
You feel mighty!
You miss something. Something hits you.
You closely miss something. You closely miss something. Something hits you!
* * * LOW HITPOINT WARNING * * *
You slash something! You miss something. Something hits you but does no damage.
You slash something! You miss something. Something hits you!
You die...

#.#....†.# #
####.#.##
...#..#########
######..#......#
#######.#......#
#..............
#.......##..#####
#...............#
#.))....)..{@†#......
..................#
.....
...[..............#
....
....@..............#
###
............##.....#
.!..........##.....#
.......).....#.....#
.######......#.....#
#.....#


There were no monsters in sight!

Vanquished Creatures
  2 adders (D:2)
  A gnoll (D:1)
  An endoplasm (D:2)
  A giant cockroach (D:1)
  5 goblins
  3 jackals (D:2)
  2 ball pythons (D:1)
  A bat (D:1)
  2 frilled lizards
  3 kobolds
  5 rats
26 creatures vanquished.

Notes
Turn   | Place    | Note
-------+----------+-------------------------------------------
     0 | D:1      | Gargoyl the Gargoyle Berserker began the quest for the Orb.
     0 | D:1      | Reached XP level 1. HP: 14/14 MP: 1/1
    84 | D:1      | Reached XP level 2. HP: 10/19 MP: 2/2
   790 | D:2      | Reached XP level 3. HP: 17/24 MP: 3/3
  1132 | D:2      | Noticed Sigmund
  1169 | D:2      | Slain by Sigmund

Illustrated notes

Levels and vault maps discovered:
D:1:      eino_arrival_water_star, layout_rooms, supply_closet_lemuel,
          nicolae_titane
D:2:      layout_basic, uniq_sigmund

Skill      XL: |  1  2  3 |
---------------+----------+-----
Axes           | 3 |  3.2
Dodging        | 2 |  2.1
Fighting       | |  3.9
Armour         | |  2.3
Stealth        | |  0.4

Action                   || total
-------------------------++-------
Melee: Hand axe          ||    82
Invok: Berserk           ||     2
  Use: Scroll            ||     1
Armor: Animal skin       ||    57
Dodge: Dodged            ||    78

Table legend: (Time is in decaauts)
 A = Elapsed time spent in this place.
 B = Non-inter-level travel time spent in this place.
 C = Inter-level travel time spent in this place.
 D = Time resting spent in this place.
 E = Time spent auto-exploring this place.
 F = Levels seen in this place.
 G = Mean time per level.
                   A        B        C        D        E       F      G
               +--------+--------+--------+--------+--------+-----+--------+
         Total |   1192 |   1185 |      7 |      0 |    921 |   2 |  596.0 |
       Dungeon |   1192 |   1185 |      7 |      0 |    921 |   2 |  596.0 |
               +--------+--------+--------+--------+--------+-----+--------+

Top non-repeatable levels by time:
     D:1: 794 daAuts
     D:2: 397 daAuts
